 Dungeon Crawl Stone Soup version 0.29.1-14-g9c671dbff4 (webtiles) character file.

Game seed: 15806477176101672614

61 Descartes the Ducker (level 3, -11/17 HPs)
             Began as a Felid Monk on Feb 19, 2023.
             Mangled by a gnoll
             ... wielding a +0 halberd
              (17 damage)
             ... on level 3 of the Dungeon.
             The game lasted 00:02:23 (2261 turns).

Descartes the Ducker (Felid Monk)                   Turns: 2261, Time: 00:02:24

Health: -11/17     AC:  1    Str:  9    XL:     3   Next: 83%
Magic:  4/4        EV: 19    Int: 11    God:
Gold:   143        SH:  0    Dex: 18    Spells: 2/2 levels left
                                        Lives:  0   Deaths: 0

rFire   . . .      SeeInvis +     - Unarmed
rCold   . . .      Faith    .   (shield unavailable)
rNeg    . . .      Spirit   .   (body armour unavailable)
rPois   .          Reflect  .   (helmet unavailable)
rElec   .          Harm     .   (cloak unavailable)
rCorr   .          Rampage  .   (gloves unavailable)
Will    .....                   (boots unavailable)
Stlth   +++.......              (no amulet)
HPRegen 0.05/turn               (no ring)
MPRegen 0.09/turn               (no ring)

@: quick
A: very small, claws 1, fangs 3, see invisible, speed 1, shaggy fur 1, stealthy
paws, no weapons or thrown items, no armour, multi-lived
a: no special abilities


You were on level 3 of the Dungeon.
You visited 1 branch of the dungeon, and saw 3 of its levels.

You collected 143 gold pieces.

Inventory:

Scrolls
 a - a scroll of immolation {unknown}
 b - a scroll of fear {unknown}
 e - a scroll of identify {unknown}
 i - a scroll of blinking {unknown}
 j - a scroll of poison {unknown}
 k - a scroll of fog {unknown}
 l - a scroll of magic mapping {unknown}
Potions
 c - a potion of resistance {unknown}
 d - 3 potions of curing {unknown}
 f - a potion of lignification {unknown}
 g - a potion of mutation {unknown}
 h - a potion of might {unknown}


   Skills:
 + Level 3.3 Fighting
 + Level 4.4 Dodging
 + Level 3.3 Stealth
 + Level 3.4 Unarmed Combat
 + Level 1.3 Transmutations
 + Level 1.2 Evocations


You had 2 spell levels left.
You didn't know any spells.
Your spell library contained the following spells:

 Spells                   Type           Power      Damage    Failure   Level
 Iskenderun's Battlesphe  Conj           0%         2d6       100%        5
 Iron Shot                Conj/Erth      0%         9d1       100%        6
 Spellforged Servitor     Conj/Summ      0%         N/A       100%        7


Dungeon Overview and Level Annotations

Branches:
Dungeon (3/15)

Altars:


Innate Abilities, Weirdness & Mutations

You have sharp claws.
You have razor-sharp teeth.
You have supernaturally acute eyesight. (SInv)
You cover ground quickly. (Speed+)
You are covered in fur. (AC +1)
Your paws help you pounce on unaware monsters.
You are incapable of wielding weapons or throwing items.
You cannot wear armour.
You gain extra lives every three experience levels.


Message History

The gnoll hits you with a +0 halberd!
Ouch! That really hurt!
* * * LOW HITPOINT WARNING * * *
You scratch the gnoll but do no damage.
The gnoll is almost dead.
The gnoll barely misses you.
You scratch the gnoll but do no damage. You bite the gnoll, but do no damage.
The gnoll is almost dead.
The gnoll barely misses you.
Unknown command.
You scratch the gnoll.
You kill the gnoll!
HP restored.
Done exploring.
You climb downwards.
The gnoll completely misses you.
There is a stone staircase leading up here.
The orc misses you. The gnoll barely misses you.
You climb upwards.
There is a stone staircase leading down, spattered with blood here.
You scratch the orc.
The orc is lightly wounded.
The orc misses you.
You scratch the orc.
The orc is almost dead.
The orc closely misses you.
You closely miss the orc.
The orc is almost dead.
The orc barely misses you.
You scratch the orc.
You kill the orc!
No target in view!
You climb downwards.
There is a stone staircase leading up here.
The gnoll completely misses you. x2
There is a stone staircase leading up here.
The gnoll hits you from afar with a +0 halberd!
Ouch! That really hurt!
The gnoll hits you with a +0 halberd!
Ouch! That really hurt!
You die...

........... .......S..
..)g... ###+########
#g..# ........... #.#
###### #.......... #g#
#....# #..........
#g###.##.# #..........
#.....##.# #..........
##.....##.# #.@........
###..##.###.###.g........
#.......###.##g..........
###.....g................
#^.##....................
#....##.......##..##.####
#.##...##.........##.#
...........###....#
..##...(#...# ######


You could see 2 gnolls.

Vanquished Creatures
  A gnoll (D:2)
  An adder (D:2)
  A dart slug (D:1)
  An orc (D:2)
  3 endoplasms
  4 giant cockroaches
  3 goblins
  2 hobgoblins
  4 jackals (D:1)
  A quokka (D:2)
  3 ball pythons
  2 bats
  3 frilled lizards
  6 kobolds
  3 rats
38 creatures vanquished.

Notes
Turn   | Place    | Note
-------+----------+-------------------------------------------
     0 | D:1      | Descartes the Felid Monk began the quest for the Orb.
     0 | D:1      | Reached XP level 1. HP: 10/10 MP: 2/2
   233 | D:1      | Reached XP level 2. HP: 9/14 MP: 3/3
   811 | D:1      | Reached skill level 1 in Transmutations
  1045 | D:1      | Reached skill level 1 in Evocations
  1330 | D:2      | Reached XP level 3. HP: 16/17 MP: 4/4
  1670 | D:2      | Found a faded altar of an unknown god.
  2261 | D:3      | Mangled by a gnoll

Illustrated notes

Levels and vault maps discovered:
D:1:      eino_arrival_water_star, layout_basic
D:2:      layout_loops_ring, ebering_ecumenical_altar_mist, nrook_campfire
D:3:      layout_basic, mainiacjoe_overflow_surrounded_room,
          nicolae_overflow_hidden_temple, hangedman_decor_peaks_small

Skill      XL: |  1  2 |
---------------+-------+-----
Stealth        | 3 |  3.3
Transmutations | 1 |  1.3
Evocations     | 1 |  1.2
Fighting       | |  3.3
Dodging        | |  4.4
Unarmed Combat | |  3.4

Action                   || total
-------------------------++-------
Melee: Unarmed           ||   110
       Bite              ||     4
       Punch             ||     4
  Use: Potion            ||     1
 Stab: Sleeping          ||    11
Armor: Skin              ||     4
Dodge: Dodged            ||   119
